 Dungeon Crawl Stone Soup version 0.18-a0-1225-g5d63bca (webtiles) character file.

617 Duffy the Grappler (level 7, 25/57 HPs)
             Began as a Mottled Draconian Monk on Feb 3, 2016.
             Quit the game on level 4 of the Dungeon.
             The game lasted 00:02:19 (2234 turns).

Duffy the Grappler (Mottled Draconian Monk)         Turns: 2234, Time: 00:02:19

Health: 25/57      AC:  8    Str: 15    XL:     7   Next: 21%
Magic:  7/7        EV: 16    Int: 11    God:
Gold:   244        SH:  0    Dex: 13    Spells: 0 memorised, 6 levels left

rFire  . . .     SeeInvis .       - Unarmed
rCold  . . .     Gourm    .     (armour unavailable)
rNeg   . . .     Faith    .     (no shield)
rPois  .         Spirit   .     (helmet restricted)
rElec  .         Dismiss  .     o - +0 cloak
rCorr  .         Reflect  .     x - +0 pair of gloves
SustAt .         Harm     .     (no boots)
MR     .....                    n - amulet of regeneration
Stlth  ++........               y - ring of wizardry
                                b - +3 ring of evasion

@: not resistant to hostile enchantments, unstealthy
A: breathe sticky flame splash, unfitting armour, cold-blooded, AC +6
a: Breathe Sticky Flame


You were on level 4 of the Dungeon.
You were not hungry.

You visited 1 branch of the dungeon, and saw 4 of its levels.

You collected 244 gold pieces.


Innate Abilities, Weirdness & Mutations

You can spit globs of burning liquid.
You can ignite nearby creatures when you spit burning liquid.
Your weird mottled scales are hard (AC +6).
Your body does not fit into most forms of armour.
You are cold-blooded and may be slowed by cold attacks.


   Skills:
 - Level 3.2 Fighting
 - Level 2.6 Dodging
 - Level 1.7 Stealth
 + Level 8.8 Unarmed Combat


You had 6 spell levels left.
You didn't know any spells.

Inventory:

Missiles
 j - 6 tomahawks (quivered)
Armour
 o - a +0 cloak (worn)
 x - a +0 pair of gloves (worn)
Jewellery
 b - a +3 ring of evasion (left hand)
 n - an amulet of regeneration (around neck)
 y - a ring of wizardry (right hand)
Wands
 g - a wand of lightning (7/15)
 v - a wand of flame (28/48)
 A - a wand of disintegration (17/24)
Scrolls
 c - 5 scrolls of remove curse {unknown}
 d - 3 scrolls of teleportation {unknown}
 e - 5 scrolls of identify {unknown}
 l - a scroll of recharging {unknown}
Potions
 f - a potion of cancellation {unknown}
 h - 2 potions of flight {unknown}
 m - a potion of poison {unknown}
 p - a potion of agility {unknown}
 q - a potion of resistance {unknown}
 r - a potion of ambrosia {unknown}
 u - a potion of haste {unknown}
Books
 i - a book of Fire
 k - a book of Clouds
Comestibles
 a - 3 bread rations
 s - 4 fruits
 t - 2 beef jerkies
 w - a meat ration
 z - 5 chunks of flesh

Dungeon Overview and Level Annotations

Branches:
Dungeon (4/15)
 Temple: D:4-7

Altars:
Pakellas


Message History

The slave closely misses you.
You barely miss the slave. Your punch misses the slave.
The slave is severely wounded.
The slave hits you but does no damage.
You closely miss the slave.
Your tail-slap misses the slave.
The slave is severely wounded.
The slave hits you.
You closely miss the slave.
Your tail-slap misses the slave.
The slave is severely wounded.
The slave barely misses you.
You miss the slave.
You tail-slap the slave, but do no damage.
Your punch misses the slave.
The slave is severely wounded.
You hit the slave.
The slave is almost dead.
The slave hits you.
You hit the slave but do no damage.
The slave is almost dead.
The slave hits you.
You hit the slave.
You kill the slave!
That felt strangely unrewarding.
You punch Menkaure! You tail-slap Menkaure.
Menkaure is heavily damaged.
Menkaure calls on the powers of darkness!
Your body is wracked with pain!
You hit Menkaure.
Menkaure is severely damaged.
Menkaure completely misses you.
You punch Menkaure!
You destroy Menkaure!
You have reached level 7!
Your scales start taking on a weird mottled colour.
Are you sure you want to abandon this character and quit the game? (Confirm with "yes".)

###### #....# .. # ##.###
###### ... .# #.## #..[[##
..###.## ##.# ##.@#.###
#..#... #.####...##..###....#
#. ##.##....###p......# #.#
#.#.....# #.......## ...#
##.......###..M.....## .
...####..###...........##..##
..##......##
##.........####..##.
..##......#
#..........#.......
..##......##
#.......##.......M.


There were no monsters in sight!

Action                   |  1- 3 |  4- 6 |  7- 9 || total
-------------------------+-------+-------+-------++-------
Melee: Unarmed           |    77 |   136 |       ||   213
 Stab: Sleeping          |     1 |     1 |       ||     2
  Eat: Chunk             |       |     4 |       ||     4

Notes
Turn   | Place    | Note
--------------------------------------------------------------
     0 | D:1      | Duffy the Draconian Monk began the quest for the Orb.
     0 | D:1      | Reached XP level 1. HP: 19/19 MP: 1/1
   139 | D:1      | Reached XP level 2. HP: 26/26 MP: 2/2
   517 | D:2      | Noticed Sigmund
   540 | D:2      | Killed Sigmund
   540 | D:2      | Reached skill level 6 in Unarmed Combat
   540 | D:2      | Reached XP level 3. HP: 9/31 MP: 3/3
   540 | D:2      | Reached XP level 4. HP: 11/38 MP: 4/4
   540 | D:2      | Reached XP level 5. HP: 13/45 MP: 5/5
   902 | D:2      | Found an oddly glowing altar of Pakellas.
  1769 | D:4      | Reached skill level 7 in Unarmed Combat
  1785 | D:4      | Noticed a phantom
  1816 | D:4      | Killed a phantom
  1816 | D:4      | Reached XP level 6. HP: 29/51 MP: 6/6
  1875 | D:4      | Noticed Duffy's ghost (amateur DrMo)
  1889 | D:4      | Killed Duffy's ghost
  1889 | D:4      | Reached skill level 8 in Unarmed Combat
  2186 | D:4      | Noticed a slave
  2188 | D:4      | Noticed a slave
  2193 | D:4      | Noticed Menkaure
  2196 | D:4      | Noticed a slave
  2214 | D:4      | Killed a slave
  2230 | D:4      | Killed a slave
  2233 | D:4      | Killed Menkaure
  2233 | D:4      | Reached XP level 7. HP: 25/57 MP: 7/7
  2234 | D:4      | Quit the game

Vault maps used:
D:1:      mrwooster_arrival_statue_2, serial_glass, glass_columns_b,
          glass_columns_c, minmay_large_rounded_square
D:2:      lemuel_round_altar, uniq_sigmund
D:4:      old_standard_altar, first_bread, uniq_pikel, uniq_menkaure

Vanquished Creatures
  Sigmund
  The ghost of Duffy the Ruffian, an amateur DrMo Menkaure
  2 slaves
  A phantom
  A hound
  A worker ant
  An adder
  An ooze
  A giant gecko
  5 orcs
  3 giant cockroaches
  3 goblins
  5 hobgoblins
  6 jackals
  5 kobolds
  A quokka
  2 ball pythons
  6 bats
  A giant newt
  4 rats
52 creatures vanquished.
